Unix NetHack Version 3.7.0-89 Work-in-progress - last build Oct 29 2023 02:39:45 (20cca84197b74dff38aa9bb07c633f6875ef724d,branch:master). Game began 2023-10-31 22:30:41, ended 2023-10-31 23:00:27. BeanNighe, neutral male human Tourist ---- --- |..| |..-- |..--- |...----- |....| |.....|.-- -- --....--- -.......| |.... --<......-- | ---- --.....-- -................| |..-- --.-..-- -------.......|.-- ...| |@h..-| ---)....|.| -..--|-%...| |..--...| --...--.....--- ------..| |.............-- |..| |.......---^...| --.| |.......| --..-- --.------......- |^-| |>..|.....|.....| |..--- |.....----|.....| --...- ------- --.|.-- |....| ----- --..-- ---- BeanNighe the Excursionist St:8 Dx:15 Co:16 In:18 Wi:8 Ch:12 Neutral Dlvl:5 $:440 HP:0(56) Pw:27(27) AC:0 Xp:7/830 T:7702 Burdened Latest messages: Your helm rusts! # In what direction? You cannot disable that trap. You hear crashing rock. You hear crashing rock. A gush of water hits your right arm! The gnome king picks up a large round shield. The gnome king puts on a large round shield. The gnome king wields a crossbow! The Woodland-elf wields a runed bow! The gnome king shoots 2 crossbow bolts! You are hit by the 1st crossbow bolt. The 2nd crossbow bolt misses you. The Woodland-elf drinks an effervescent potion! The Woodland-elf seems more experienced. The gnome king swings his crossbow. The gnome king hits! The gnome king swings his crossbow. The gnome king hits! The gnome king shoots 4 crossbow bolts! You are hit by the 1st crossbow bolt. The 2nd crossbow bolt misses you. The 3rd crossbow bolt misses you. The 4th crossbow bolt misses you. The Woodland-elf wields a runed short sword! The gnome king picks up 4 crossbow bolts. You hit the gnome king! The gnome king turns to flee. The Woodland-elf picks up a crossbow bolt. Are you waiting to get hit? Use 'm' prefix to force a no-op (to rest). You kill the gnome king! The Woodland-elf picks up a crossbow. You hit the Woodland-elf! The Woodland-elf thrusts his runed short sword. The Woodland-elf just misses! The Woodland-elf thrusts his runed short sword. The Woodland-elf hits! You kill the Woodland-elf! You hit the dwarf! You miss the dwarf. You miss the dwarf. The dwarf swings his pick-axe. The dwarf hits! The dwarf swings his pick-axe. The dwarf hits! You hit the dwarf! The dwarf swings his pick-axe. The dwarf hits! You die... Inventory: Coins ('$') $ - 440 gold pieces Amulets ('"') T - an uncursed amulet of reflection (being worn) Weapons (')') a - 22 uncursed +2 darts e - the uncursed rustproof +0 Cleaver (weapon in hands) c - the uncursed rustproof +0 Dragonbane Armor ('[') Q - an uncursed rusty +0 dwarvish iron helm (being worn) R - a blessed +1 pair of iron shoes (being worn) S - an uncursed +0 dwarvish cloak (being worn) l - an uncursed +0 Hawaiian shirt with a hula dancer motif (being worn) V - an uncursed +0 dwarvish mithril-coat (being worn) Comestibles ('%') A - an uncursed banana b - 2 uncursed eggs Scrolls ('?') P - an uncursed scroll of amnesia D - an uncursed scroll of blank paper p - an uncursed scroll of create monster v - an uncursed scroll of create monster s - an uncursed scroll of food detection I - 2 uncursed scrolls of identify k - a blessed scroll of magic mapping j - 2 uncursed scrolls of magic mapping Potions ('!') i - an uncursed potion of extra healing G - an uncursed potion of fruit juice Y - an uncursed potion of fruit juice C - an uncursed potion of hallucination w - an uncursed potion of healing N - a blessed potion of invisibility W - an uncursed potion of levitation B - an uncursed potion of oil K - a blessed potion of restore ability H - an uncursed potion of water Tools ('(') n - an uncursed credit card m - an uncursed expensive camera (0:36) F - an uncursed skeleton key z - a cursed skeleton key t - an uncursed towel Gems/Stones ('*') y - 2 cursed aquamarine stones M - an uncursed emerald E - 2 uncursed obsidian stones f - an uncursed worthless piece of blue glass u - an uncursed worthless piece of blue glass O - an uncursed worthless piece of red glass x - 3 uncursed worthless pieces of yellowish brown glass BeanNighe the Tourist's attributes: Background: You were an Excursionist, a level 7 male human Tourist. You were neutral, on a mission for The Lady who was opposed by Blind Io (lawful) and Offler (chaotic). You were in the Gnomish Mines, on level 5. You entered the dungeon 7702 turns ago. It was nighttime. There was a full moon in effect when your adventure ended. You had 830 experience points, 450 more were needed to attain level 8. Basics: You had 0 out of 56 hit points. You had all 27 energy points (spell power). Your armor class was 0. Your wallet contained 440 zorkmids. Autopickup was on for '$?!"=/*', with exceptions. Final Characteristics: Your strength was 8 (limit:18/100). Your dexterity was 15 (limit:18). Your constitution was 16 (limit:18). Your intelligence was 18 (limit:18). Your wisdom was 8 (limit:18). Your charisma was 12 (limit:18). Final Status: You weren't hungry. You were burdened; movement was slightly slowed. You were wielding an axe. You had basic skill with axe. Final Attributes: You were piously aligned. You were telepathic. You were guarded. You had reflection. You were lucky. You are dead. Miscellaneous: You never encountered a bones level. Total elapsed playing time was 29 minutes and 45 seconds. Major events: Turn 1: BeanNighe the neutral male human Tourist entered the dungeon 1224: attained the rank of Sightseer (level 3) 4120: was bestowed with Cleaver by The Lady 5031: entered the Gnomish Mines 5958: attained the rank of Excursionist (level 6) 6448: was bestowed with Dragonbane by The Lady 7702: killed by a dwarf Vanquished creatures: a large mimic a small mimic a gnome ruler a Woodland-elf 3 rock piercers a rock mole a fog cloud 2 gnome leaders a ghoul 4 giant ants a little dog a floating eye 3 dwarves a homunculus 2 kobold leaders a rabid rat 2 orc zombies a werejackal an iguana 4 killer bees 5 coyotes a gas spore a hobbit 4 giant rats a brown mold 11 gnomes 5 garter snakes a gnome zombie 4 geckos 12 jackals 3 foxes 3 kobolds 12 goblins a sewer rat 8 grid bugs 9 lichens 2 kobold zombies 16 newts 132 creatures vanquished. No species were genocided or became extinct. Voluntary challenges: You read items or engraved 3 times. You never engraved Elbereth. You never genocided any monsters. You never polymorphed an object. You never changed form. You used no wishes. Achievements: You attained the rank of Sightseer. You entered the Gnomish Mines. You entered a shop. You attained the rank of Excursionist. The Dungeons of Doom: levels 1 to 4 Level 1: An altar to The Lady, a grave. Level 2: A fountain. Level 3: A general store, a fountain. Stairs down to The Gnomish Mines. Level 4: The Gnomish Mines: levels 4 to 5 Level 4: Level 5: <- You were here. Final resting place for you, killed by a dwarf. Game over: ---------- / \ / REST \ / IN \ / PEACE \ / \ | BeanNighe | | 440 Au | | killed by a | | dwarf | | | | | | 2023 | *| * * * | * _________)/\\_//(\/(/\)/\//\/|_)_______ Aloha BeanNighe the Tourist... You died in The Gnomish Mines on dungeon level 5 with 3621 points, and 440 pieces of gold, after 7702 moves. You were level 7 with a maximum of 56 hit points when you died.